 Dungeon Crawl Stone Soup version 0.24-a0-583-g87330a484a (webtiles) character file.

Game seed: 4948753749267158058, levelgen mode: deterministic

176 GordonOverkill the Firebug (level 5, 0/35 HPs)
             Began as a Barachi Fire Elementalist on Aug 28, 2019.
             Was an Initiate of Sif Muna.
             Killed from afar by an orc wizard (5 damage)
             ... with a magic dart
             ... on level 3 of the Dungeon.
             The game lasted 00:07:52 (3579 turns).

GordonOverkill the Firebug (BaFE)                   Turns: 3579, Time: 00:07:53

Health: 0/35       AC:  2    Str:  9    XL:     5   Next: 56%
Magic:  9/9        EV: 13    Int: 16    God:    Sif Muna [......]
Gold:   118        SH:  0    Dex: 13    Spells: 2/10 levels left

rFire    . . .     SeeInvis .   g - +0 dagger (venom)
rCold    . . .     Gourm    .   (no shield)
rNeg     . . .     Faith    .   a - +0 robe
rPois    .         Spirit   .   (no helmet)
rElec    .         Reflect  .   (no cloak)
rCorr    .         Harm     .   (no gloves)
MR       .....                  (no boots)
Stlth    +.........             (no amulet)
HPRegen  0.11/turn              (no ring)
MPRegen  0.11/turn              (no ring)

@: confused, slow
A: +LOS, swims, slowness 1, strong legs 1
a: Hop, Renounce Religion


You were on level 3 of the Dungeon.
You worshipped Sif Muna.
Sif Muna was noncommittal.
You were not hungry.

You visited 1 branch of the dungeon, and saw 3 of its levels.

You collected 118 gold pieces.

Inventory:

Hand Weapons
 g - a +0 dagger of venom (weapon)
Missiles
 b - 75 stones (quivered)
 j - 21 sling bullets
Armour
 a - a +0 robe (worn)
Scrolls
 e - 4 scrolls of remove curse {unknown}
 i - a scroll of identify {unknown}
 l - 2 scrolls of immolation {unknown}
 n - 2 scrolls of enchant armour {unknown}
 o - 3 scrolls of teleportation {unknown}
 p - a scroll of amnesia {unknown}
 q - a scroll of blinking {unknown}
Potions
 d - 2 potions of curing {unknown}
 h - 2 potions of lignification {unknown}
 k - 2 potions of flight {unknown}
 m - a potion of degeneration {unknown}
Comestibles
 c - 4 rations
 f - 9 chunks of flesh


   Skills:
 + Level 3.2 Dodging
 - Level 2.0 Stealth
 + Level 3.1 Spellcasting
 + Level 3.7 Conjurations
 - Level 4.0 Fire Magic
 + Level 0.2 Invocations


You had 2 spell levels left.
You knew the following spells:

 Your Spells              Type           Power        Failure   Level  Hunger
a - Flame Tongue          Conj/Fire      ###..        3%          1    None
b - Conjure Flame         Conj/Fire      ###.....     11%         3    ###....
c - Sticky Flame          Conj/Fire      ###.....     36%         4    ####...

Your spell library contained the following spells:

 Spells                   Type           Power        Failure   Level  Hunger
 Throw Flame              Conj/Fire      ###...       5%          2    ##.....
 Inner Flame              Hex/Fire       #.......     24%         3    ###....
 Fireball                 Conj/Fire      ###.......   71%         5    ######.


Dungeon Overview and Level Annotations

Branches:
Dungeon (3/15)

Altars:
Cheibriados
Sif Muna


Innate Abilities, Weirdness & Mutations

Shadows flee at your approach. (+LOS)
You can swim through water.
You cover ground slowly.
You can hop short distances.


Message History

The orc wizard casts a spell at you.
You are confused.
The hobgoblin throws a stone.
The stone hits you. The orc hits you with a +0 club!
* * * LOW HITPOINT WARNING * * *
The orc wizard mumbles some strange words.
The orc wizard flickers and vanishes!
The hobgoblin throws a stone.
The stone hits you but does no damage. The orc barely misses you.
There is a stone staircase leading up, spattered with blood here.
You see here 2 stones.
The orc throws a boomerang.
The boomerang barely misses you.
The weapon returns to the orc!
Something hits you but does no damage.
The hobgoblin throws a stone.
The stone misses you.
The stone closely misses the orc.
In your confused state, you trip and fall back down the stairs.
* * * LOW HITPOINT WARNING * * *
You hear some strange, mumbled words.
A magic dart appears from out of thin air!
The magic dart hits you.
You die...

.. # .. .## !. ##
...##. . .## .....
.# #. ..##..%#
...##.###......#
#.g...........#
#......@......#
##......o.(.$.##
#.....{(o.....#
#.......(.......
.............####.
###.......o..#
##.........#
...((......#
##..(........


You could see 3 orcs and a hobgoblin.

Vanquished Creatures
  An orc priest (D:2)
  4 gnolls (D:2)
  An adder (D:2)
  2 worms
  4 dart slugs
  7 orcs
  2 ball pythons
  4 giant cockroaches
  11 goblins
  5 hobgoblins
  5 jackals
  A quokka (D:2)
  11 bats
  3 frilled lizards (D:2)
  9 kobolds
  8 rats
78 creatures vanquished.

Notes
Turn   | Place    | Note
-------+----------+-------------------------------------------
     0 | D:1      | GordonOverkill the Barachi Fire Elementalist began the
                  | quest for the Orb.
     0 | D:1      | Reached XP level 1. HP: 13/13 MP: 3/3
   249 | D:1      | Reached XP level 2. HP: 11/19 MP: 0/5
   760 | D:1      | Reached XP level 3. HP: 24/24 MP: 1/6
  1438 | D:2      | Learned a level 3 spell: Conjure Flame
  1510 | D:2      | Reached XP level 4. HP: 30/30 MP: 0/8
  1832 | D:2      | Reached skill level 4 in Fire Magic
  2160 | D:2      | Reached XP level 5. HP: 22/35 MP: 2/9
  2766 | D:2      | Learned a level 4 spell: Sticky Flame
  3037 | D:2      | Found a snail-covered altar of Cheibriados.
  3044 | D:2      | Found a shimmering blue altar of Sif Muna.
  3051 | D:2      | Became a worshipper of Sif Muna the Loreminder
  3579 | D:3      | Killed from afar by an orc wizard

Levels and vault maps discovered:
D:1:      evilmike_arrival_run_for_it, layout_basic
D:2:      layout_loops_corners, amethyst_overflow_temple_binary, first_ration
D:3:      layout_rooms, led_xom_imps, old_standard_altar

Skill      XL: |  1  2  3  4 |
---------------+-------------+-----
Stealth        | 2 |  2.0
Conjurations   | 2 3 |  3.7
Dodging        | 3 |  3.2
Spellcasting   | 3 |  3.1
Fire Magic     | 4 |  4.0
Invocations    | |  0.2

Action                   |  1- 3 |  4- 6 || total
-------------------------+-------+-------++-------
Melee: Short sword       |    10 |       ||    10
       Dagger            |    25 |     8 ||    33
Throw: Stone             |    31 |    46 ||    77
 Cast: Flame Tongue      |    62 |    72 ||   134
       Conjure Flame     |     1 |       ||     1
 Abil: Hop               |     1 |     1 ||     2
 Stab: Sleeping          |     1 |       ||     1
  Eat: Chunk             |     3 |     7 ||    10
Armor: Robe              |     8 |    10 ||    18
Dodge: Dodged            |    62 |    45 ||   107

Table legend:
 A = Non-vault XP
 B = Vault XP
 C = Vault XP percentage of total XP
 D = Non-vault monster count
 E = Vault monster count
 F = Vault count percentage of total count
                 A         B        C        D         E       F
            +---------+---------+-------+---------+---------+-------
      Total |     247 |       5 |   2.0 |      77 |       1 |   1.3
            +---------+---------+-------+---------+---------+-------
        D:1 |      60 |       5 |   7.7 |      35 |       1 |   2.8
        D:2 |     175 |       0 |   0.0 |      38 |       0 |   0.0
        D:3 |      12 |       0 |   0.0 |       4 |       0 |   0.0
            +---------+---------+-------+---------+---------+-------
